 Dungeon Crawl Stone Soup version 0.29-a0-200-gc7997b95f3 (webtiles) character file.

Game seed: 14974791528970196321

8127 Laiska the Geomancer (level 11, -2/68 HPs)
             Began as a Gargoyle Earth Elementalist on Feb 23, 2022.
             Was a High Priest of Cheibriados.
             Slain by a swamp worm (7 damage)
             ... on level 1 of the Lair of Beasts.
             The game lasted 00:59:56 (9722 turns).

Laiska the Geomancer (Gargoyle Earth Elementalist)  Turns: 9722, Time: 00:59:57

Health: -2/68      AC: 23    Str: 30    XL:     11   Next: 26%
Magic:  20/22      EV: 11    Int: 31    God:    Cheibriados [*****.]
Gold:   134        SH:  0    Dex: 22    Spells: 9/24 levels left

rFire   x . .      SeeInvis .   H - +5 demon whip (venom)
rCold   + + .      Faith    .   (no shield)
rNeg    + . .      Spirit   .   i - +0 ice dragon scales
rPois   ∞          Reflect  .   l - +0 helmet
rElec   +          Harm     .   (no cloak)
rCorr   .          Rampage  .   (no gloves)
Will    .....                   (no boots)
Stlth   ++........              N - amulet of magic regeneration
HPRegen 0.21/turn               h - ring of wizardry
MPRegen 0.58/turn               e - ring "Ugie" {AC+4 Str+5 Stlth+}

@: about to teleport, very slow
A: sickness immunity, AC +8, negative energy resistance 1, electricity
resistance, torment resistance 1, petrification resistance
a: Renounce Religion, Bend Time, Temporal Distortion, Slouch, Step From Time


You were on level 1 of the Lair of Beasts.
You worshipped Cheibriados.
Cheibriados was extremely pleased with you.
You visited 3 branches of the dungeon, and saw 10 of its levels.

You collected 472 gold pieces.
You spent 338 gold pieces at shops.

Inventory:

Hand Weapons
 g - a +0 dagger
 k - a +1 flail of holy wrath
 s - a -2 executioner's axe
 F - a +0 vorpal war axe
 H - a +5 demon whip of venom (weapon)
 I - a -2 morningstar
 J - a +1 vorpal scimitar
 M - a +2 trident of freezing
 O - a +0 short sword of electrocution
Missiles
 a - 124 stones
 j - 6 datura-tipped darts
 m - 5 silver boomerangs
 q - a throwing net
 v - 2 silver javelins
 y - 15 poisoned darts
 E - 5 atropa-tipped darts
Armour
 i - +0 ice dragon scales (worn)
 l - a +0 helmet (worn)
 K - +0 swamp dragon scales
 P - a +0 pair of gloves
Jewellery
 e - the ring "Ugie" (right hand) {AC+4 Str+5 Stlth+}
   (You found it on level 5 of the Dungeon)

   [ring of protection]

   AC:        It affects your AC (+4).
   Str:       It affects your strength (+5).
   Stlth:     It makes you more stealthy.
 h - a ring of wizardry (left hand)
 p - a ring of protection from fire
 N - an amulet of magic regeneration (around neck)
Wands
 o - a wand of flame (19)
 t - a wand of digging (7)
 u - a wand of polymorph (27)
 A - a wand of charming (7)
 S - a wand of iceblast (3)
Scrolls
 C - a scroll of summoning {unknown}
 D - a scroll of magic mapping {unknown}
 G - a scroll of fear
 Q - a scroll of silence {unknown}
 R - a scroll of identify
 U - a scroll of brand weapon {unknown}
Potions
 b - a potion of invisibility
 c - a potion of magic
 d - 2 potions of resistance
 f - a potion of ambrosia
 n - a potion of might
 w - a potion of curing
 z - a potion of haste
 B - 3 potions of flight
 L - 2 potions of attraction
 T - a potion of brilliance {unknown}


   Skills:
 + Level 8.1 Fighting
 + Level 7.1 Maces & Flails
 + Level 3.6 Armour
 - Level 1.5 Dodging
 - Level 2.1 Stealth
 + Level 7.3 Spellcasting
 + Level 5.3 Conjurations
 - Level 0.7 Transmutations
 - Level 5.0 Fire Magic
 + Level 10.1 Earth Magic


You had 9 spell levels left.
You knew the following spells:

 Your Spells              Type           Power      Damage    Failure   Level
a - Sandblast             Erth           100%       2d20      1%          1
b - Stone Arrow           Conj/Erth      100%       3d13      1%          3
c - Passwall              Tmut/Erth      37%        N/A       1%          2
d - Static Discharge      Conj/Air       27%        N/A       2%          2
e - Sticky Flame          Conj/Fire      43%        2d6       4%          4
f - Conjure Flame         Conj/Fire      43%        6-21      1%          3

Your spell library contained the following spells:

 Spells                   Type           Power      Damage    Failure   Level
 Beastly Appendage        Tmut           30%        N/A       3%          1
 Wereblood                Tmut           15%        N/A       4%          2
 Petrify                  Tmut/Erth      45%        N/A       4%          4
 Leda's Liquefaction      Hex/Erth       21%        N/A       5%          4
 Ignite Poison            Fire/Tmut/Pois 23%        N/A       6%          3
 Spider Form              Tmut/Pois      13%        N/A       11%         3
 Call Canine Familiar     Summ           11%        N/A       12%         3
 Portal Projectile        Hex/Tloc       22%        N/A       12%         3
 Summon Guardian Golem    Hex/Summ       11%        N/A       12%         3
 Dispel Undead            Necr           11%        3d9       36%         4
 Orb of Destruction       Conj           22%        9d8       98%         7
 Spellforged Servitor     Conj/Summ      13%        N/A       100%        7


Dungeon Overview and Level Annotations

Branches:
Dungeon (8/15)             Temple (1/1) D:7            Lair (1/6) D:8

Altars:
Ashenzari
Cheibriados
Dithmenos
Elyvilon
Fedhas
Gozag
Hepliaklqana
Kikubaaqudgha
Makhleb
Nemelex Xobeh
Okawaru
Qazlal
Ru
Sif Muna
Trog
Uskayaw
Vehumet
Wu Jian
Xom
Yredelemnul
Zin
The Shining One

Shops:
D:4 :   D:5 **


Innate Abilities, Weirdness & Mutations

You are immune to sickness and miasma.
Your stone body is resilient. (AC +8)
You are immune to poison.
You resist negative energy. (rN+)
You are resistant to electric shocks. (rElec)
You are resistant to unholy torment.
You are immune to petrification.


Message History

You feel much better.
The demonic crawler hits you but does no damage. x3
The swamp worm bites you but does no damage. x2
The demonic crawler hits you but does no damage. x2
The demonic crawler hits you. The swamp worm bites you.
Okay, then.
Casting: Sandblast (safe; 1% risk of failure)
Confirm with . or Enter, or press ? or * to list all spells.
The swamp worm is struck by an arc of lightning!
The swamp worm is moderately wounded.
You resist.
You are struck by an arc of lightning.
The swamp worm closely misses you. The demonic crawler hits you.
The demonic crawler hits you but does no damage. x2
The swamp worm bites you!
Casting: Static Discharge (safe; 2% risk of failure)
Confirm with . or Enter, or press ? or * to list all spells.
Aiming: Sticky Flame (dangerous; 4% risk of failure)
Press: ? - help, Shift-Dir - straight line, f/p - demonic crawler
Aim: a demonic crawler (100% to hit)
The sticky flame hits the demonic crawler but does no damage.
The demonic crawler is covered in liquid flames!
The flames covering the demonic crawler go out.
The demonic crawler stops burning.
The swamp worm bites you!
The demonic crawler completely misses you. x2
The demonic crawler hits you. The swamp worm barely misses you.
The swamp worm bites you but does no damage.
As you read the scroll of teleportation, it crumbles to dust.
You feel strangely unstable.
The demonic crawler closely misses you. x2
The demonic crawler hits you. The swamp worm barely misses you.
The swamp worm bites you. The demonic crawler hits you!
* * * LOW HITPOINT WARNING * * *
The demonic crawler hits you but does no damage. x2
The demonic crawler shrieks in warning!
The swamp worm bites you!
* * * LOW HITPOINT WARNING * * *
The swamp worm barely misses you. The swamp worm barely misses you.
The demonic crawler barely misses you. The demonic crawler closely misses you.
The demonic crawler misses you. The swamp worm bites you!
You die...

.#..........## #.....#...##.###.#
......#...##.# ##........P...###.
.............###.......≈≈≈≈≈.....
......................≈≈≈≈≈≈≈....
....................≈≈≈≈###≈≈≈≈..
...................≈≈≈###≈###≈≈≈.
#..................≈≈≈#≈≈≈≈≈##≈≈.
##...............w.≈≈≈≈≈≈=≈≈ #≈≈.
##P............@w.≈≈≈#≈≈≈≈≈##≈≈.
##.............s.≈≈≈###≈###≈≈≈.
####..P..####....≈≈≈≈###≈≈≈≈#.
##.#### #.......≈≈≈≈≈≈≈..## ###
##.......≈≈≈≈≈..##
#..............# #............P##
###............##
#..............#


You could see a demonic crawler (catching breath) and 2 swamp worms.

Vanquished Creatures
  A hydra (Lair:1)
  Amaemon (D:7)
  A two-headed ogre (D:8)
  Joseph (D:8)
  Maggie (D:8)
  3 cane toads (Lair:1)
  An orange demon (D:7)
  A komodo dragon (Lair:1)
  A polar bear (Lair:1)
  3 blink frogs (Lair:1)
  3 yaks (D:8)
  A basilisk (Lair:1)
  2 steam dragons
  2 water moccasins
  2 necrophages
  An orc warrior (D:7)
  4 ogres
  6 bullfrogs
  3 wyvern zombies
  4 scorpions
  A water moccasin zombie (D:5)
  3 howler monkeys
  2 electric eels (Lair:1)
  A centaur zombie (D:8)
  2 centaur skeletons (D:7)
  4 hounds
  A jelly (D:8)
  An orc priest (D:6)
  A gnoll shaman (D:7)
  4 iguanas
  A bullfrog skeleton (D:5)
  An orc wizard (D:6)
  4 hell rats (Lair:1)
  A hound skeleton (D:5)
  9 gnolls
  A howler monkey skeleton (D:6)
  10 adders
  2 shadow imps
  A white imp (D:7)
  An ufetubus (D:5)
  An adder skeleton (D:4)
  2 dart slugs
  20 orcs
  3 bat zombies (D:8)
  5 endoplasms
  3 giant cockroaches
  9 goblins
  4 hobgoblins
  6 jackals
  2 quokkas
  5 ball pythons
  12 bats
  3 frilled lizards (D:1)
  4 kobolds
  3 rats
  A rat zombie (D:8)
176 creatures vanquished.

Vanquished Creatures (others)
  A gnoll sergeant (D:8)
  5 fungi (D:7)
  7 plants (Lair:1)
13 creatures vanquished.

Grand Total: 189 creatures vanquished

Notes
Turn   | Place    | Note
-------+----------+-------------------------------------------
     0 | D:1      | Laiska the Gargoyle Earth Elementalist began the quest for
                  | the Orb.
     0 | D:1      | Reached XP level 1. HP: 10/10 MP: 3/3
   595 | D:1      | Reached XP level 2. HP: 15/16 MP: 5/5
   610 | D:1      | Reached skill level 4 in Earth Magic
   941 | D:2      | Reached skill level 1 in Fighting
  1404 | D:2      | Reached XP level 3. HP: 20/20 MP: 6/6
  1426 | D:2      | Learned a level 3 spell: Stone Arrow
  2004 | D:3      | Noticed a scorpion
  2008 | D:3      | Killed a scorpion
  2009 | D:3      | Reached skill level 1 in Maces & Flails
  2009 | D:3      | Reached skill level 5 in Earth Magic
  2009 | D:3      | Reached XP level 4. HP: 26/26 MP: 3/8
  2012 | D:3      | Learned a level 2 spell: Passwall
  2151 | D:3      | Found a faded altar of an unknown god.
  2191 | D:3      | Prayed at the altar of an unknown god.
  2191 | D:3      | Became a worshipper of Cheibriados the Contemplative
  2191 | D:3      | Reached * piety under Cheibriados
  2242 | D:3      | Reached XP level 5. HP: 19/30 MP: 7/9
  2568 | D:3      | Noticed an ogre
  2576 | D:3      | Killed an ogre
  2577 | D:3      | Reached skill level 1 in Conjurations
  2577 | D:3      | Reached XP level 6. HP: 36/36 MP: 7/10
  2888 | D:3      | Reached ** piety under Cheibriados
  3133 | D:4      | Found Teze's Book Shoppe.
  3426 | D:4      | Reached skill level 6 in Earth Magic
  3761 | D:5      | Entered Level 5 of the Dungeon
  3974 | D:5      | Reached XP level 7. HP: 40/41 MP: 5/12
  4124 | D:5      | Identified the ring "Ugie" {AC+4 Str+5 Stlth+}
  4290 | D:5      | Found Biov Puadgh's General Store.
  4290 | D:5      | Found Ymomnateh's Specific Store.
  4456 | D:5      | Reached *** piety under Cheibriados
  4723 | D:6      | Reached XP level 8. HP: 48/48 MP: 10/14
  4762 | D:6      | Reached skill level 7 in Earth Magic
  5105 | D:6      | Reached skill level 5 in Fighting
  5629 | D:6      | Reached XP level 9. HP: 54/54 MP: 16/16
  5917 | D:6      | Reached skill level 5 in Spellcasting
  6399 | D:4      | Bought a book of Touch for 338 gold pieces
  6402 | D:4      | Learned a level 2 spell: Static Discharge
  6407 | D:4      | Learned a level 4 spell: Sticky Flame
  6507 | D:7      | Reached **** piety under Cheibriados
  6550 | D:7      | Found a staircase to the Ecumenical Temple.
  6555 | D:7      | Reached skill level 5 in Conjurations
  6566 | Temple   | Entered the Ecumenical Temple
  6772 | D:7      | Reached skill level 8 in Earth Magic
  6804 | D:7      | Noticed an orange demon
  6805 | D:7      | Noticed Amaemon
  6808 | D:7      | Killed an orange demon
  6809 | D:7      | Reached skill level 1 in Fire Magic
  6815 | D:7      | Killed Amaemon
  6816 | D:7      | Reached skill level 5 in Maces & Flails
  7581 | D:8      | Reached XP level 10. HP: 61/61 MP: 7/18
  7584 | D:8      | Reached skill level 9 in Earth Magic
  7772 | D:8      | Noticed Maggie
  7781 | D:8      | Killed Maggie
  7806 | D:8      | Noticed Joseph
  7826 | D:8      | Killed Joseph
  8055 | D:8      | Found a flagged portal.
  8154 | D:8      | Found a staircase to the Lair.
  8543 | D:8      | Noticed a two-headed ogre
  8547 | D:8      | Killed a two-headed ogre
  8548 | D:8      | Reached skill level 1 in Armour
  8769 | D:8      | Found an ancient bone altar of Kikubaaqudgha.
  8773 | D:8      | Reached ***** piety under Cheibriados
  8816 | Lair:1   | Entered Level 1 of the Lair of Beasts
  8829 | Lair:1   | Learned a level 3 spell: Conjure Flame
  8854 | Lair:1   | Noticed a cane toad
  8859 | Lair:1   | Killed a cane toad
  8997 | Lair:1   | Noticed a cane toad
  9010 | Lair:1   | Killed a cane toad
  9020 | Lair:1   | Reached skill level 10 in Earth Magic
  9020 | Lair:1   | Reached XP level 11. HP: 27/68 MP: 10/21
  9032 | Lair:1   | Noticed a four-headed hydra
  9220 | Lair:1   | Killed a four-headed hydra
  9221 | Lair:1   | Reached skill level 5 in Fire Magic
  9722 | Lair:1   | Slain by a swamp worm

Illustrated notes

Levels and vault maps discovered:
D:1:      scummos_arrival_hexagon, layout_basic
D:2:      layout_basic
D:3:      layout_basic, hellmonk_ecumenical_altar_pennies_from_heaven
D:4:      layout_gridville, serial_shops, nicolae_diamond_shop,
          hangedman_decor_diamond_cutter, grunt_decor_cap, kennysheep_doodads
D:5:      layout_gridville, kennysheep_minor_cross, minmay_misc_feat_cross,
          nicolae_specific_store, chequers_serial_rivers_small_b,
          serial_bayou_pond_e, hangedman_decor_points, amcnicky_mini_pool_medium
D:6:      minmay_diamond_boxcup, layout_basic
D:7:      old_forge, layout_loops_ring, minmay_temple_entry_hall, uniq_amaemon
D:8:      layout_loops_cross, lemuel_zombie_altar_kikubaaqudgha, enter_bailey_3,
          uniq_joseph, uniq_maggie
Temple:   kilobyte_greek_temple
Lair:1:   layout_hall_layers, chequers_serial_rivers_micro_e, worms_lemuel,
          infiniplex_staircase_pool, grunt_megastairs_1, serial_bayou_shore_b,
          lemuel_fruit_fields

Skill      XL: |  1  2  3  4  5  6  7  8  9 10 11 |
---------------+----------------------------------+-----
Earth Magic    | 4 5 6 7 8 10 | 10.1
Fighting       | 1 2 3 4 5 6 7 8 |  8.1
Maces & Flails | 1 2 3 4 5 6 7 |  7.1
Spellcasting   | 3 4 5 6 7 |  7.3
Conjurations   | 1 2 3 4 5 |  5.3
Fire Magic     | 3 4 5 |  5.0
Armour         | 2 3 |  3.6
Dodging        | |  1.5
Stealth        | |  2.1
Transmutations | |  0.7

Action                   |  1- 3 |  4- 6 |  7- 9 | 10-12 || total
-------------------------+-------+-------+-------+-------++-------
Melee: Unarmed           |    34 |       |       |       ||    34
       Club              |    65 |    17 |       |       ||    82
       Punch             |     2 |       |     1 |       ||     3
       Whip              |       |    21 |       |       ||    21
       Flail             |       |    42 |    76 |       ||   118
       Demon whip        |       |       |    18 |    33 ||    51
       War axe           |       |       |    11 |       ||    11
 Cast: Sandblast         |    18 |    31 |    83 |    77 ||   209
       Stone Arrow       |       |       |     5 |     4 ||     9
       Static Discharge  |       |       |     1 |     3 ||     4
       Sticky Flame      |       |       |       |     1 ||     1
  Use: Scroll            |     7 |     4 |     6 |     2 ||    19
       Potion            |       |       |       |     3 ||     3
 Stab: Sleeping          |     1 |       |     1 |     1 ||     3
Armor: Ice dragon scales |    67 |    73 |    95 |    70 ||   305
       Robe              |    10 |       |       |       ||    10
Dodge: Dodged            |    76 |    48 |    78 |    58 ||   260

Table legend: (Time is in decaauts)
 A = Elapsed time spent in this place.
 B = Non-inter-level travel time spent in this place.
 C = Inter-level travel time spent in this place.
 D = Time resting spent in this place.
 E = Time spent auto-exploring this place.
 F = Levels seen in this place.
 G = Mean time per level.
                   A        B        C        D        E       F      G
               +--------+--------+--------+--------+--------+-----+--------+
         Total |  12843 |  12053 |    790 |   1642 |   8325 |  10 | 1284.3 |
       Dungeon |  11169 |  10440 |    729 |   1373 |   7322 |   8 | 1396.1 |
        Temple |    325 |    264 |     61 |      0 |    255 |   1 |  325.0 |
          Lair |   1348 |   1348 |      0 |    268 |    747 |   1 | 1348.0 |
               +--------+--------+--------+--------+--------+-----+--------+

Top non-repeatable levels by time:
     D:6: 2152 daAuts
     D:8: 1638 daAuts
     D:7: 1588 daAuts
     D:3: 1460 daAuts
  Lair:1: 1348 daAuts
     D:5: 1297 daAuts
     D:2: 1068 daAuts
     D:4: 1027 daAuts
     D:1: 937 daAuts
  Temple: 325 daAuts
